 Dungeon Crawl Stone Soup version 0.17.2-1-ge4368a0 (webtiles) character file.

271 Goblin1989 the Chopper (level 6, -7/48 HPs)
             Began as a Demonspawn Chaos Knight on Mar 15, 2017.
             Killed from afar by a raiju (13 damage)
             ... with a living lightning
             ... on level 1 of the Abyss.
             The game lasted 00:03:53 (1696 turns).

Goblin1989 the Chopper (Demonspawn Chaos Knight)    Turns: 1696, Time: 00:03:54

Health: -7/48      AC: 10    Str: 14    XL:     6   Next: 2%
Magic:  0/6        EV:  9    Int: 14    God:    Xom [......]
Gold:   47         SH:  3    Dex: 12    Spells: 0 memorised, 5 levels left

rFire  . . .     SeeInvis +     a - +0 hand axe (chaos)
rCold  . . .     Clarity  .     r - +0 plate armour
rNeg   . . .     SustAt   .     (no shield)
rPois  .         Gourm    .     (no helmet)
rElec  .         Spirit   +     p - +0 cloak
rCorr  .         Warding  .     (no gloves)
rMut   .         Stasis   .     (no boots)
MR     .....                    (no amulet)
Stlth  ..........               s - ring of see invisible
                                h - +5 ring of evasion

@: not resistant to hostile enchantments, extremely unstealthy
A: large bone plates 2, deformed body, magic shield
a: Renounce Religion


You were on level 1 of the Abyss.
You worshipped Xom.
You were a very special plaything of Xom.
You were near starving.

You visited 1 branch of the dungeon, and saw 3 of its levels.
You visited the Abyss 1 time.

You collected 47 gold pieces.

Inventory:

Hand Weapons
 a - a +0 hand axe of chaos (weapon)
 f - a +0 hand axe
Armour
 p - a +0 cloak (worn)
 r - a +0 plate armour (worn)
Jewellery
 h - a +5 ring of evasion (left hand)
 n - a ring of wizardry
 s - a ring of see invisible (right hand)
Scrolls
 c - 2 scrolls of fear {unknown}
 k - a scroll of teleportation {unknown}
 q - a scroll of amnesia {unknown}
Potions
 d - a potion of cure mutation {unknown}
 g - a potion of might {unknown}
 i - a potion of heal wounds {unknown}
 m - a potion of brilliance {unknown}
 o - a potion of flight {unknown}
Comestibles
 e - 3 bread rations {@e1}
 j - a slice of pizza


   Skills:
 + Level 4.2 Fighting
 * Level 4.8 Axes
 + Level 3.1 Armour
 - Level 0.8 Dodging


You had 5 spell levels left.
You didn't know any spells.

Dungeon Overview and Level Annotations

Branches:
Dungeon (3/15)

Altars:
Trog


Innate Abilities, Weirdness & Mutations

You are mostly covered in large bone plates (AC +3, SH +3).
When hurt, damage is shared between your health and your magic reserves.
Armour fits poorly on your strangely shaped body.


Message History

There is a stone staircase leading down here.
Xom giggles.
You are cast into the Abyss!
To return, you must find a gate leading back.
Welcome to the Abyss!
This branch contains the abyssal rune of Zot.
You are near starving!
Unknown command.
Key pressed, stopping explore.
Key pressed, stopping explore.
A raiju comes into view.
You regained 3 hp, and now have 47/48 hp.
Unknown command.
The raiju barks!
Health restored: 48 The raiju bites you but does no damage.
You hit the raiju. You freeze the raiju.
The raiju is lightly wounded.
The raiju bursts into living lightning!
The living lightning hits you!
The raiju blinks!
The raiju bursts into living lightning!
The living lightning hits you!
The raiju blinks! "Hum-dee-hum-dee-hum..."
The raiju seems to speed up.
The raiju bites you but does no damage.
You hit the raiju but do no damage.
The raiju is lightly wounded.
The raiju bursts into living lightning!
The living lightning hits you!
* * * LOW HITPOINT WARNING * * *
The raiju blinks!
You are too injured to fight recklessly!
You are too injured to fight recklessly!
You are too injured to fight recklessly!
You are too injured to fight recklessly!
You are too injured to fight recklessly!
You are too injured to fight recklessly!
You are too injured to fight recklessly!
You take 28 damage, and have 20/48 hp.
MASSIVE DAMAGE!!
You now have 3/6 mp.
You are too injured to fight recklessly!
You are too injured to fight recklessly!
You are too injured to fight recklessly!
You are too injured to fight recklessly!
You are too injured to fight recklessly!
You are too injured to fight recklessly!
You are too injured to fight recklessly!
You are too injured to fight recklessly!
You are too injured to fight recklessly!
You are too injured to fight recklessly!
You are too injured to fight recklessly!
You are too injured to fight recklessly!
You are too injured to fight recklessly!
You are too injured to fight recklessly!
You are too injured to fight recklessly!
You are too injured to fight recklessly!
You are too injured to fight recklessly!
You are too injured to fight recklessly!
You are too injured to fight recklessly!
You are too injured to fight recklessly!
You are too injured to fight recklessly!
You are too injured to fight recklessly!
You are too injured to fight recklessly!
You are too injured to fight recklessly!
You are too injured to fight recklessly!
You are too injured to fight recklessly!
Unknown command.
The raiju bites you but does no damage.
You hit the raiju.
The raiju is poisoned.
The raiju is lightly wounded.
You block the raiju's attack. The raiju barely misses you.
You hit the raiju.
The raiju appears confused.
The raiju is moderately wounded.
The raiju closely misses you.
You miss the raiju.
The raiju is severely wounded.
The raiju closely misses you. The raiju bites you but does no damage.
Your plate armour prevents you from hitting the raiju.
The raiju is severely wounded.
The raiju bites you but does no damage.
You hit the raiju but do no damage.
The raiju is severely wounded.
Xom asks Qazlal to spice things up a little.
The raiju bites you but does no damage. x2
You closely miss the raiju.
The raiju is severely wounded.
You are engulfed in seething chaos.
The raiju bursts into living lightning!
The living lightning hits you!
* * * LOW HITPOINT WARNING * * *
A shower of butterflies erupts from you!
The living lightning hits you!
* * * LOW HITPOINT WARNING * * *
The living lightning misses your butterfly.
The raiju blinks! x2
You take 18 damage, and have 6/48 hp.
MASSIVE DAMAGE!!
You now have 1/6 mp.
You hit the raiju. You burn the raiju.
The raiju is severely wounded.
The raiju bursts into living lightning!
The living lightning misses you. The living lightning hits you!
You die...
Xom guffaws!

..█ █ . █ .
..█ .█..██
███.. .███.█
█..$. ..█ .
█ ███ █ █
█..█ .
███.h██...█
█bh██...██..
█..█@█.███ █
.█.b████ █
.. ██. .█ █b
. █. █ .█ .
.


You could see a raiju.

Vanquished Creatures
  A wolf (D:2)
  An orc warrior (D:3)
  4 adders
  A giant gecko (D:1)
  An orc (D:3)
  4 goblins
  3 hobgoblins
  6 bats
  A giant newt (D:2)
  8 jackals (D:1)
  3 kobolds
  2 quokkas (D:3)
  4 rats
39 creatures vanquished.

Vanquished Creatures (others)
  A worker ant (D:3)
1 creature vanquished.

Grand Total: 40 creatures vanquished

Notes
Turn   | Place    | Note
--------------------------------------------------------------
     0 | D:1      | Goblin1989 the Demonspawn Chaos Knight began the quest for the Orb.
     0 | D:1      | Reached XP level 1. HP: 18/18 MP: 1/1
    23 | D:1      | XOM: divination: magic mapping
   211 | D:1      | Gained mutation: You are partially covered in large bone plates (AC +2, SH +2). [demonic ancestry]
   211 | D:1      | Reached XP level 2. HP: 16/24 MP: 2/2
   673 | D:1      | XOM: colour smoke trail
   688 | D:1      | XOM: summons 1 hostile demon
   869 | D:2      | Noticed a wolf
   869 | D:2      | a worm changed into a wolf
   869 | D:2      | XOM: polymorph worm -> wolf
   877 | D:2      | Killed a wolf
   877 | D:2      | Reached skill level 4 in Axes
   877 | D:2      | Reached XP level 3. HP: 27/30 MP: 3/3
   877 | D:2      | Gained mutation: When hurt, damage is shared between your health and your magic reserves. [demonic ancestry]
   877 | D:2      | Reached XP level 4. HP: 33/37 MP: 4/4
   877 | D:2      | Gained mutation: You are mostly covered in large bone plates (AC +3, SH +3). [demonic ancestry]
   877 | D:2      | Reached XP level 5. HP: 37/42 MP: 5/5
   908 | D:2      | Noticed a moth of wrath
   915 | D:2      | Found a bloodstained altar of Trog.
   917 | D:2      | You fall through a shaft!
   917 | D:3      | Noticed an orc warrior
   921 | D:3      | XOM: butterfly on damage
   922 | D:3      | XOM: butterfly on damage
   928 | D:3      | Killed an orc warrior
  1534 | D:2      | XOM: give mutation
  1534 | D:2      | Gained mutation: Armour fits poorly on your strangely shaped body. [Xom's mischief]
  1597 | D:2      | Reached XP level 6. HP: 44/48 MP: 6/6
  1636 | D:2      | XOM: medium Tloc miscast
  1636 | D:2      | Cast into the Abyss (the severe capriciousness of Xom)
  1666 | Abyss:1  | Noticed a raiju
  1670 | Abyss:1  | XOM: enchant monster (bad)
  1694 | Abyss:1  | XOM: chaos cloud
  1695 | Abyss:1  | XOM: butterfly on damage
  1696 | Abyss:1  | Killed from afar by a raiju

Action                   |  1- 3 |  4- 6 || total
-------------------------+-------+-------++-------
Melee: Hand axe          |    84 |    73 ||   157
 Stab: Paralysed         |       |     1 ||     1
  Eat: Chunk             |       |     1 ||     1

Vault maps used:
D:1:      dpeg_arrival_three_same_balls, minmay_misc_feat_ornament
D:2:      amethyst_overflow_temple_binary, marbit_many_paths, tgw_trog
D:3:      forest_paths, nicolae_qazlal_eye_of_the_storm, gup_sewer_entry_bowl,
          wad_floor_pattern_1
